[Event "*** Titled Tuesday 3|2 Blitz"]
[Site "Chess.com"]
[Date "2015.03.03"]
[Round "2"]
[White "bsmail"]
[Black "Ar4uha"]
[Result "0-1"]
[WhiteElo "2056"]
[BlackElo "2468"]
[TimeControl "180+2"]
[EndTime "11:18:55 PST"]
[Termination "Ar4uha won by resignation"]

1. d4 Nf6 2. c4 e6 3. Nc3 Bb4 4.
Nf3 b6 5. g3 Bb7 6. Bg2 Ne4 7.
Bd2 Bxc3 8. Bxc3 O-O 9. O-O d6 10. Qc2 Nxc3 11. Qxc3 Be4 12. Qe3 f5 13. Ng5 Bxg2 14.
Nxe6 Qf6 15. Kxg2 Re8 16. d5 Nd7 17. b3 Nc5 18. Qg5 Rxe6 19. Qxf6 Rxf6 20. b4 Nd7 21.
Rae1 f4 22. e4 fxe3 23. Rxe3 Ne5 24. c5 bxc5 25. bxc5 Raf8 26. f4 Ng4 27. Re7 R6f7 28. Rfe1 dxc5 29. h3 Nf6 30. Rxf7 Kxf7 31. Rc1 Nxd5 32.
Rxc5 Rd8 33. Kf3 Ke6 34. Ke4 Nf6+ 35. Ke3 Rd7 36. g4 Kd6 37. Ra5 c6 38. Kd4 Nd5 39. f5 Rb7 40. g5 Rf7 41. Ke4 Re7+ 42. Kf3 Nb6 43. Kg4 Rf7 44. h4 c5 45. h5 c4 46. g6 hxg6 47. fxg6 Rc7 48. Rf5 c3 49. Rf1 c2 50. Rc1 Nd5 51. Kg5 Nb4 52. a4 Nd3 53. h6 gxh6+ 0-1

[Event "*** Titled Tuesday 3|2 Blitz"]
[Site "Chess.com"]
[Date "2015.03.03"]
[Round "2"]
[White "EltajSafarli"]
[Black "Konavets"]
[Result "1-0"]
[WhiteElo "2659"]
[BlackElo "2360"]
[TimeControl "180+2"]
[EndTime "11:19:30 PST"]
[Termination "EltajSafarli won by resignation"]

1. e4 e5 2. Nf3 Nc6 3. Bb5 a6 4.
Ba4 Nge7 5. O-O b5 6. Bb3 Ng6 7. c3 d6 8. d4 Be7 9. h3 O-O 10.
Re1 Bb7 11. Nbd2 Kh8 12. Nf1 Bf6 13. Ng3 Qd7 14. Nh5 Be7 15. Bc2 Rae8 16. g4 exd4 17. cxd4 Nb4 18. Bb1 c5 19. d5 a5 20. a3 Na6 21.
Bd2 a4 22. Bc3 f6 23. Bd3 Bd8 24. Qd2 c4 25. Bc2 Nc5 26. Nd4 Ne5 27. Re3 g6 28. Nf4 Bb6 29. Nfe6 Nxe6 30. dxe6 Qg7 31. Rd1 Bxd4 32.
Qxd4 Rxe6 33. f4 Nd7 34. Bb4 Rfe8 35. Bxd6 f5 36. Qxg7+ Kxg7 37. e5 fxg4 38. hxg4 Nb6 39. f5 gxf5 40. gxf5 Rh6 41. e6 Rh1+ 42. Kf2 Rh2+ 43.
Bxh2 1-0

[Event "*** Titled Tuesday 3|2 Blitz"]
[Site "Chess.com"]
[Date "2015.03.03"]
[Round "2"]
[White "Aragon"]
[Black "Mazetovic"]
[Result "0-1"]
[WhiteElo "1966"]
[BlackElo "2338"]
[TimeControl "180+2"]
[EndTime "11:19:52 PST"]
[Termination "Mazetovic won by resignation"]

1. e4 c5 2. Nf3 Nc6 3. b4 cxb4 4.
d4 g6 5. d5 Bg7 6. c3 Nb8 7. Be3 d6 8. Bd4 Nf6 9. Bd3 bxc3 10.
O-O O-O 11. Nxc3 Bg4 12. Qb3 b6 13. Rfe1 Bxf3 14. gxf3 Nfd7 15. Bxg7 Kxg7 16. Bb5 Nc5 17. Qc2 Nbd7 18. Ne2 Ne5 19. Kg2 Rc8 20. Qd2 a6 21. Bc6 Nxc6 22. dxc6 Rxc6 23. Nd4 Rc8 24. Rab1 b5 25.
f4 e5 26. Nf3 Ne6 27. fxe5 dxe5 28. Qxd8 Rfxd8 29. Nxe5 Rd2 30. a4 bxa4 31. Rb7 Rc7 32. Rxc7 Nxc7 33. Ra1 Rd4 34. f3 Nb5 35. Nc6 Rd2+ 36. Kg3 a3 37. Nb4 Rb2 38. Nxa6 a2 39. Nc5 Nc3 0-1

[Event "*** Titled Tuesday 3|2 Blitz"]
[Site "Chess.com"]
[Date "2015.03.03"]
[Round "2"]
[White "Bab3s"]
[Black "chesstatour"]
[Result "1-0"]
[WhiteElo "2067"]
[BlackElo "1887"]
[TimeControl "180+2"]
[EndTime "11:20:13 PST"]
[Termination "Bab3s won by checkmate"]

1. e4 c6 2. d4 d5 3. exd5 cxd5 4.
c4 Nf6 5. Nc3 Nc6 6. Bg5 Qa5 7.
Bxf6 exf6 8. cxd5 Bb4 9. Rc1 Ne7 10. Bc4 O-O 11. Ne2 Nxd5 12. O-O Nb6 13. Bb3 Rd8 14. a3 Bf8 15. Nf4 Bf5 16. Re1 Rac8 17. h3 h6 18. Qh5 Nc4 19. Qe2 Nxa3 20. bxa3 Rxc3 21. Rxc3 Qxc3 22.
Bxf7+ Kxf7 23. Qa2+ Be6 24. Qxe6# 1-0

[Event "*** Titled Tuesday 3|2 Blitz"]
[Site "Chess.com"]
[Date "2015.03.03"]
[Round "2"]
[White "Fandorine"]
[Black "Tomsel"]
[Result "1-0"]
[WhiteElo "2548"]
[BlackElo "2284"]
[TimeControl "180+2"]
[EndTime "11:20:23 PST"]
[Termination "Fandorine won by resignation"]

1. e4 c5 2. Nf3 e6 3. c3 d5 4.
exd5 exd5 5. d4 Nf6 6. Bb5+ Bd7 7. Qe2+ Qe7 8. Bxd7+ Nbxd7 9. Qxe7+ Bxe7 10. dxc5 Nxc5 11. Ke2 O-O 12. Be3 Rfe8 13. Nbd2 Ng4 14. Rhe1 f5 15. g3 g5 16. Nb3 f4 17. gxf4 gxf4 18. Rg1 h5 19. Bxc5 Bxc5+ 20. Kf1 Bxf2 21.
Rg2 Bg3 22. Kg1 Ne3 23. Re2 Kh7 24. hxg3 fxg3 25. Rae1 Rf8 26. Rxe3 Rg8 27. Kg2 Raf8 28. Nbd4 h4 29. Rh1 Rf4 30. Rxh4+ Rxh4 31. Nxh4 Rf8 32.
Nhf5 Kg6 33. Rxg3+ Kf6 34. Rf3 Ke5 35. Ne3 Rg8+ 36. Kf2 Ke4 37. Nf1 Rh8 38. Ng3+ Ke5 39. Ke3 1-0

[Event "*** Titled Tuesday 3|2 Blitz"]
[Site "Chess.com"]
[Date "2015.03.03"]
[Round "2"]
[White "FabianEnglert"]
[Black "AungTZ"]
[Result "1/2-1/2"]
[WhiteElo "2241"]
[BlackElo "2079"]
[TimeControl "180+2"]
[EndTime "11:20:29 PST"]
[Termination "Game drawn by repetition"]

1. Nf3 d5 2. c4 e6 3. g3 Nf6 4.
Bg2 Be7 5. O-O O-O 6. b3 c5 7.
e3 Nc6 8. Bb2 b6 9. Qe2 Bb7 10.
Rd1 Qc7 11. cxd5 Nxd5 12. d4 Rfd8 13. Nc3 Nxc3 14. Bxc3 Bf6 15. Rac1 cxd4 16. Nxd4 Bxd4 17. Bxd4 Nxd4 18. exd4 Qd7 19. h4 Bxg2 20. Kxg2 Rac8 21. Rxc8 Rxc8 22. Qe4 Rd8 23. Rd2 f5 24. Qe5 Kf7 25. h5 Qb7+ 26. Kh2 Rd5 27. Qf4 Qe7 28. Rc2 Rd7 29.
Rc6 Qf6 30. Rc7 Qe7 31. Rc8 Rd8 32. Rc7 Rd7 33. Rc8 Rd8 34. Rc7 Rd7 35. Rc8 1/2-1/2

[Event "*** Titled Tuesday 3|2 Blitz"]
[Site "Chess.com"]
[Date "2015.03.03"]
[Round "2"]
[White "ChessTrener"]
[Black "GasconJR"]
[Result "0-1"]
[WhiteElo "2452"]
[BlackElo "2288"]
[TimeControl "180+2"]
[EndTime "11:20:33 PST"]
[Termination "GasconJR won by resignation"]

1. e4 c5 2. Ne2 d6 3. g3 Nc6 4. Bg2 g6 5. c3 Bg7 6. d4 cxd4 7. cxd4 Bg4 8. f3 Bd7 9. Be3 Rc8 10.
Nbc3 Nf6 11. O-O O-O 12. h3 Na5 13. b3 b5 14. e5 Ne8 15. f4 Nc7 16. Qd2 b4 17.
Nd1 Bb5 18. Nf2 dxe5 19. fxe5 Nd5 20. Rfe1 Nxe3 21. Qxe3 Rc2 22. Nf4 Nc6 23. Rad1 Rxa2 24. Ne4 Qb6 25. Nc5 Rd8 26. Nd5 Rxg2+ 27. Kxg2 Rxd5 28. e6 f5 29. Qf3 Nxd4 30. Rxd4 Bxd4 31. Nd7 Qd6 32. Rc1 Bc3 33. h4 Rd2+ 34. Kh3 Bc6 0-1

[Event "*** Titled Tuesday 3|2 Blitz"]
[Site "Chess.com"]
[Date "2015.03.03"]
[Round "2"]
[White "Spas_Kozhuharov"]
[Black "wonderfultime"]
[Result "0-1"]
[WhiteElo "2401"]
[BlackElo "2538"]
[TimeControl "180+2"]
[EndTime "11:20:35 PST"]
[Termination "wonderfultime won by resignation"]

1. d4 d5 2. c4 c6 3. Nf3 Nf6 4.
Nc3 dxc4 5. e3 b5 6. a4 b4 7. Na2 a5 8. Bxc4 e6 9. O-O Be7 10. Qe2 O-O 11. Rd1 Ba6 12. Bxa6 Nxa6 13. Bd2 Qd5 14.
Nc1 Rfd8 15. Nd3 c5 16. Be1 Qh5 17. Nde5 cxd4 18. Nc6 Re8 19. Rxd4 Nc5 20. Rh4 Qd5 21.
Nfd4 Bf8 22. Qf3 Nd3 23. e4 Qc4 24. b3 Nxe1 25. Rxe1 Qc5 26. e5 Nd5 27. g3 Rac8 28. Ree4 Rxc6 29. Nxc6 Qxc6 30. Rxh7 Kxh7 31. Qxf7 Be7 32.
Rg4 Bg5 33. Rxg5 Qc1+ 34. Kg2 Qxg5 35. Qxe8 Qxe5 36. h4 Nf6 37. Qa8 Kg6 38. f3 Qb2+ 39. Kh3 Qxb3 40. g4 Qd5 41. h5+ Kg5 0-1

[Event "*** Titled Tuesday 3|2 Blitz"]
[Site "Chess.com"]
[Date "2015.03.03"]
[Round "2"]
[White "kharposh"]
[Black "raskolnnikov"]
[Result "0-1"]
[WhiteElo "2054"]
[BlackElo "2274"]
[TimeControl "180+2"]
[EndTime "11:20:38 PST"]
[Termination "raskolnnikov won by resignation"]

1. d4 d5 2. c4 c6 3. cxd5 cxd5 4.
Nc3 Nf6 5. Bf4 a6 6. e3 Nc6 7. Bd3 e6 8. Nf3 Be7 9. O-O O-O 10. Ne5 Bd7 11. h3 Rc8 12. Rc1 Be8 13. Bb1 Nd7 14. Qd3 f5 15. Nxd7 Bxd7 16. Na4 Nb4 17. Rxc8 Qxc8 18.
Qd1 Bb5 19. Re1 Qd7 20. Nc3 a5 21. a3 Na6 22. Nxb5 Qxb5 23. Qe2 Qxe2 24. Rxe2 Rc8 25. Rc2 Rxc2 26. Bxc2 Bd8 27. Ba4 Bc7 28. Bxc7 Nxc7 29. Kf1 Kf7 30. Ke2 Ke7 31. Kd3 Kd6 32. b4 b5 33. Bb3 a4 34. Bd1 g6 35. Be2 Kc6 36.
f3 Ne8 37. Kc3 Nd6 38. Bd3 Ne8 39. e4 Nf6 40. exf5 exf5 41. g4 f4 42. h4 Ne8 43. g5 Nd6 44. h5 gxh5 45. Bxh7 h4 46. Bd3 h3 47. Bf1 h2 48. Bg2 Kd7 49. Kd2 Ke6 50. Ke1 Kf5 51. Kf2 Kxg5 52. Bh1 Nf5 53. Kg2 Nxd4 54. Kxh2 Nc2 55. Bg2 Nxa3 56. Bf1 Kf5 57.
Kg2 Ke5 58. Kf2 Kd4 59. Ke1 Kc3 0-1

[Event "*** Titled Tuesday 3|2 Blitz"]
[Site "Chess.com"]
[Date "2015.03.03"]
[Round "2"]
[White "Yaacovn"]
[Black "biostatistician"]
[Result "0-1"]
[WhiteElo "2546"]
[BlackElo "2304"]
[TimeControl "180+2"]
[EndTime "11:21:07 PST"]
[Termination "biostatistician won by resignation"]

1. d4 Nf6 2. Nf3 g6 3. c4 Bg7 4. Nc3 O-O 5. g3 b6 6. Bg2 Bb7 7. O-O Ne4 8. Bd2 Nxd2 9. Qxd2 e6 10. d5 Na6 11. Nd4 Qc8 12. Rac1 e5 13. Ndb5 d6 14. e4 f5 15. exf5 gxf5 16. f4 Nc5 17.
fxe5 dxe5 18. d6 Bxg2 19. Qxg2 cxd6 20. Nxd6 Qe6 21. Rcd1 e4 22. Ncb5 Nd3 23. Qe2 Qe5 24. Nb7 Rab8 25. N5d6 Qxb2 26. Qxb2 Bxb2 27. g4 Bd4+ 28.
Kg2 Be5 29. gxf5 Nf4+ 30. Kf2 Rf6 31. Ke3 Nd3 32. Kxe4 Bxd6 33. Nxd6 Rxd6 34. f6 Nf2+ 35. Ke5 Rxd1 36. Rxf2 Kf7 37. Rg2 Re8+ 38. Kf5 Rf1+ 0-1

[Event "*** Titled Tuesday 3|2 Blitz"]
[Site "Chess.com"]
[Date "2015.03.03"]
[Round "2"]
[White "promen1999"]
[Black "alturas_pacificas"]
[Result "1-0"]
[WhiteElo "2238"]
[BlackElo "2062"]
[TimeControl "180+2"]
[EndTime "11:21:16 PST"]
[Termination "promen1999 won by resignation"]

1. d4 d5 2. c4 c6 3. Nf3 Nf6 4.
Nc3 e6 5. e3 Nbd7 6. Qc2 Be7 7.
Bd3 dxc4 8. Bxc4 b5 9. Bd3 Bb7 10. O-O O-O 11. e4 b4 12. Na4 Rc8 13. e5 Nd5 14. Bxh7+ Kh8 15. Be4 c5 16. Qe2 cxd4 17. Nxd4 g6 18. Nxe6 fxe6 19. Bxg6 Kg7 20. Be4 Nxe5 21.
Qh5 Nf6 22. Bh6+ Kh8 23. Qxe5 Bxe4 24. Bxf8 Qxf8 25. Rfe1 Bd5 26. Re3 Qf7 27. Rd1 Kg8 28. h3 Rc2 29. Rg3+ Kf8 30. Qb8+ Ne8 31. Qxa7 Bc5 32. Qxf7+ Kxf7 33. Nxc5 Rxc5 34. Rd4 Rc1+ 35. Kh2 Rc2 36. Rxb4 Rxf2 37. a4 Nf6 38. a5 Ne4 39.
Rg4 Nd2 40. Rgf4+ Rxf4 41. Rxf4+ Ke7 42. h4 e5 43. Rf2 Nc4 44. a6 e4 45. h5 e3 46. Re2 Kf6 47. b3 Nb6 48. Rxe3 Ba8 49. g4 Kg5 50. Kg3 Nd5 51. Re5+ Kh6 52. Rxd5 Bxd5 53.
b4 1-0

[Event "*** Titled Tuesday 3|2 Blitz"]
[Site "Chess.com"]
[Date "2015.03.03"]
[Round "2"]
[White "lukas_111111"]
[Black "WanderingPuppet"]
[Result "0-1"]
[WhiteElo "2276"]
[BlackElo "2099"]
[TimeControl "180+2"]
[EndTime "11:21:45 PST"]
[Termination "WanderingPuppet won by resignation"]

1. e4 c5 2. Nf3 d6 3. d4 cxd4 4.
Nxd4 Nf6 5. Nc3 a6 6. Bg5 e6 7. f4 Bd7 8. Qf3 Nc6 9. O-O-O Qa5 10. Nb3 Qc7 11. Bxf6 gxf6 12. f5 Be7 13. Kb1 O-O-O 14. Qh3 Ne5 15. Nd4 Kb8 16. Be2 Nc4 17. Bg4 Qb6 18.
Nb3 Ne3 19. Rd3 Nxg4 20. Qxg4 Qb4 21. a3 Qb6 22. Nd4 Qc7 23. Nce2 e5 24. Nb3 Rhg8 25. Qh3 Bc6 26. Nc3 Rg7 27. g3 Rdg8 28. Nd5 Bxd5 29.
Rxd5 Rc8 30. Qg2 h5 31. Qe2 Rg4 32. Rhd1 Bf8 33. R1d3 Qb6 34. Na5 Rc5 35. Rxc5 dxc5 36. Nc4 Qc6 37. Rd8+ Ka7 38. Rxf8 Rxe4 39. Qd2 Rxc4 40.
Qd8 Rd4 41. Qb8+ Kb6 42. b3 Qd5 43. Kb2 Rd2 44. Re8 Qd4+ 0-1

[Event "*** Titled Tuesday 3|2 Blitz"]
[Site "Chess.com"]
[Date "2015.03.03"]
[Round "2"]
[White "megarompa"]
[Black "zmaj23"]
[Result "1/2-1/2"]
[WhiteElo "2634"]
[BlackElo "2309"]
[TimeControl "180+2"]
[EndTime "11:21:57 PST"]
[Termination "Game drawn - insufficient material"]

1. d4 c5 2. d5 f5 3. e4 fxe4 4. Nc3 d6 5. Nxe4 Bf5 6. Ng3 Bg6 7.
Nf3 Nd7 8. Bd3 Bxd3 9. Qxd3 Ngf6 10. O-O g6 11. h4 Bg7 12. h5 Ng4 13. hxg6 Nde5 14. Qb5+ Qd7 15. Qxd7+ Kxd7 16. Nf5 Bf6 17. g7 Rhg8 18. Bg5 e6 19. Nxe5+ Bxe5 20. dxe6+ Kxe6 21. Nh6 Rxg7 22. Nxg4 Rxg5 23. Nxe5 dxe5 24. f4 exf4 25. Rxf4 Rag8 26. Re1+ Kd6 27. Re2 R8g6 28. a4 Rg4 29.
Rd2+ Kc6 30. Rdf2 Rxf4 31. Rxf4 Rd6 32. c3 Rd1+ 33. Kh2 Rd2 34. b4 b6 35. Rf6+ Rd6 36. Rf5 Rd3 37. Rh5 Rxc3 38. b5+ Kd6 39. Rh6+ Kd5 40.
Rxh7 c4 41. Rxa7 Kc5 42. Rc7+ Kb4 43. Rc6 Kxa4 44. Rxb6 Rd3 45. g4 c3 46. g5 c2 47. Rc6 Kb3 48. b6 Rd7 49. g6 Kb2 50.
Kg3 c1=Q 51. Rxc1 Kxc1 52. Kg4 Rd6 53. Kf5 Rxb6 54. g7 Rb8 55. Kg6 Kd2 56. Kh7 Ke3 57.
g8=Q Rxg8 58. Kxg8 1/2-1/2

[Event "*** Titled Tuesday 3|2 Blitz"]
[Site "Chess.com"]
[Date "2015.03.03"]
[Round "2"]
[White "AlexanderL"]
[Black "stepanosinovsky"]
[Result "1-0"]
[WhiteElo "2508"]
[BlackElo "2278"]
[TimeControl "180+2"]
[EndTime "11:22:14 PST"]
[Termination "AlexanderL won by resignation"]

1. d4 Nf6 2. c4 g6 3. Nf3 Bg7 4. e3 O-O 5. Be2 d6 6. O-O Nbd7 7. Nc3 e5 8. Qc2 Re8 9. Rd1 e4 10. Nd2 Qe7 11. b4 Nf8 12. b5 h5 13.
a4 Bg4 14. Ba3 Bxe2 15. Nxe2 h4 16. c5 h3 17. g3 Qe6 18. Rdc1 d5 19. c6 b6 20. Nf4 Qf5 21. Bxf8 Bxf8 22. Qd1 g5 23. Nh5 Ng4 24. Qxg4 Qxg4 25. Nf6+ Kg7 26. Nxg4 Bb4 27.
Rc2 f5 28. Ne5 g4 29. Nb3 a5 30. bxa6 Rxa6 31. a5 Rea8 32. Ra4 Bd6 33. Kf1 Kf6 34. Nd7+ Ke7 35. Ke2 R6a7 36. Kd1 Ra6 37. Kc1 R6a7 38. Kb1 Ra6 39. Raa2 bxa5 40. Ra4 Bb4 41. Ka2 Kd6 42.
Ne5 Rb6 43. Nc5 Rb5 44. Nb7+ Ke7 45. Ng6+ Ke6 46. Nf4+ Kf6 47. Nc5 Bxc5 48. Nxd5+ Ke6 49. Nxc7+ Kd6 50. Nxb5+ 1-0

[Event "*** Titled Tuesday 3|2 Blitz"]
[Site "Chess.com"]
[Date "2015.03.03"]
[Round "2"]
[White "jcibarra"]
[Black "lorcho"]
[Result "1-0"]
[WhiteElo "2549"]
[BlackElo "2366"]
[TimeControl "180+2"]
[EndTime "11:22:16 PST"]
[Termination "jcibarra won by resignation"]

1. d4 e6 2. e4 b6 3. Bd3 Bb7 4.
Qe2 d6 5. f4 Nd7 6. Nf3 c5 7.
c3 Qc7 8. O-O Ngf6 9. e5 Nd5 10.
f5 dxe5 11. fxe6 fxe6 12. Ng5 N5f6 13. Nxe6 Qd6 14. Ng5 cxd4 15. cxd4 Qxd4+ 16. Kh1 Bc5 17. Ne6 Qd6 18. Nxg7+ Kd8 19. Nf5 Qc6 20. Bb5 Qe4 21. Qxe4 Bxe4 22. Nc3 Bb7 23. Bg5 Kc7 24. Nh6 Rhf8 25.
Rac1 a6 26. Be2 Kb8 27. Rcd1 Bc6 28. h4 Kc7 29. a3 Bd4 30. Bf3 Bxc3 31. bxc3 Bxf3 32.
Rxf3 Ne4 33. Kh2 Ndc5 34. Re3 Rae8 35. Rde1 Nxg5 36. hxg5 e4 37. Kg3 Re5 38. Kh4 Rf4+ 39. g4 Rf2 40. Nf5 Kc6 41. Rd1 Rf4 42. Kg3 Rf3+ 43.
Rxf3 exf3 44. Kxf3 Na4 45. Rd4 b5 46. Rd6+ Kc5 47.
Rxa6 Nxc3 48. Rh6 Nb1 49. Rxh7 Nxa3 50. g6 b4 51. g7 Re8 52. Rh8 1-0

[Event "*** Titled Tuesday 3|2 Blitz"]
[Site "Chess.com"]
[Date "2015.03.03"]
[Round "2"]
[White "Danirod"]
[Black "patzerplay"]
[Result "0-1"]
[WhiteElo "2313"]
[BlackElo "2167"]
[TimeControl "180+2"]
[EndTime "11:22:21 PST"]
[Termination "patzerplay won by resignation"]

1. e4 c5 2. Nf3 d6 3. Bb5+ Bd7 4.
Bxd7+ Qxd7 5. O-O Nc6 6. c3 Nf6 7. d4 Nxe4 8. d5 Ne5 9. Re1 Nf6 10. Nxe5 dxe5 11. Rxe5 O-O-O 12. c4 e6 13. Nc3 Bd6 14. Re1 exd5 15. cxd5 Rhe8 16. Bg5 Rxe1+ 17. Qxe1 Re8 18. Qd1 Ng4 19. g3 Qf5 20. Qd2 Nxf2 21. Qxf2 Qxg5 22. Qxf7 Qe3+ 23. Qf2 Qxf2+ 24. Kxf2 Be5 25. Rb1 Bd4+ 26.
Kf3 Re3+ 27. Kf4 Re5 28. Rd1 a6 29. Rd3 g5+ 30. Kg4 b5 31. a3 Kd7 32. Kh5 Be3 33. g4 c4 34. Rd1 Bf4 35. h3 Re3 36. Rh1 Kd6 37. Kh6 Re7 38. Rd1 Kc5 39. Kh5 Re3 40. Rh1 a5 41. h4 Re5 42. Kh6 gxh4+ 43. Kxh7 Bg3 44. Kg6 b4 45. axb4+ axb4 46. Na4+ Kxd5 47. Kf6 Re6+ 48. Kf5 Ra6 49. Rd1+ Kc6 50. Ra1 Kb5 51. g5 Rxa4 52. Rxa4 Kxa4 53. g6 h3 54. g7 h2 55.
g8=Q h1=Q 56. Qxc4 Qh5+ 57. Ke6 Qg6+ 58. Kd7 Qd6+ 59.
Ke8 Qb8+ 60. Kd7 Qb7+ 61. Ke6 Qb6+ 62. Kf7 Qc7+ 63. Qxc7 Bxc7 64. Ke6 Kb3 65. Kd7 Kxb2 0-1

[Event "*** Titled Tuesday 3|2 Blitz"]
[Site "Chess.com"]
[Date "2015.03.03"]
[Round "2"]
[White "PauloCesarCosta"]
[Black "Mvpag"]
[Result "1-0"]
[WhiteElo "2059"]
[BlackElo "1860"]
[TimeControl "180+2"]
[EndTime "11:22:23 PST"]
[Termination "PauloCesarCosta won by resignation"]

1. Nf3 d5 2. c4 e6 3. d4 Nf6 4. Nc3 Be7 5. Bg5 O-O 6. e3 a6 7. a4 Nbd7 8. Bd3 dxc4 9. Bxc4 b6 10. O-O Bb7 11. Qe2 c5 12. Rfd1 Qc7 13. Bf4 Bd6 14. Bxd6 Qxd6 15. Rac1 Qb8 16. Bd3 cxd4 17. Nxd4 Nc5 18. Bc2 Qa7 19. b4 Nce4 20. Nxe4 Bxe4 21. Bxe4 Nxe4 22. Qf3 Nf6 23. Nc6 Qb7 24. Ne5 Qxf3 25.
Nxf3 Rac8 26. Kf1 Rfe8 27. Ne5 Nd5 28. b5 axb5 29. axb5 Nc3 30. Rd6 Nxb5 31. Rxc8 Nxd6 32. Rc6 Nc8 33. Nd7 b5 34. Nb6 Na7 35. Rc7 b4 36. Rxa7 g6 37. Ke2 Rb8 38. Ra8 Rxa8 39. Nxa8 Kf8 40. Kd2 Ke7 41. Nb6 Kd6 42. Nc4+ Kc5 43. Nb2 e5 44. f3 f5 45. Kd3 g5 46. Na4+ Kb5 47. Nb2 h5 48. g3 Kc5 49. Na4+ Kb5 50. Nb2 Kc5 51. h3 g4 52. fxg4 f4 53. exf4 exf4 54.
gxf4 hxg4 55. hxg4 1-0

[Event "*** Titled Tuesday 3|2 Blitz"]
[Site "Chess.com"]
[Date "2015.03.03"]
[Round "2"]
[White "SuPeR_Fm"]
[Black "darsen_sanzhaev"]
[Result "0-1"]
[WhiteElo "2362"]
[BlackElo "2162"]
[TimeControl "180+2"]
[EndTime "11:22:26 PST"]
[Termination "darsen_sanzhaev won by checkmate"]

1. Nf3 d5 2. d4 Nf6 3. c4 e6 4.
Nc3 c6 5. e3 Nbd7 6. Qc2 Bd6 7.
Bd3 O-O 8. e4 dxc4 9. Bxc4 e5 10. O-O exd4 11. Nxd4 Nb6 12. Be2 Bxh2+ 13. Kxh2 Qxd4 14.
Be3 Qd6+ 15. f4 Ng4+ 16. Bxg4 Bxg4 17. Rae1 Nc4 18. Bc1 Rad8 19. Qf2 Qd4 20. Qh4 f5 21. e5 Rde8 22. Qf2 c5 23. Qxd4 cxd4 24. Nb5 d3 25.
Rf2 Rd8 26. Nd6 Nxd6 27. exd6 Rxd6 28. Bd2 Kf7 29. Bb4 Rh6+ 30. Kg3 Re8 31. Rxe8 Kxe8 32. Bc3 Be2 33. b3 Kf7 34. a3 Rc6 35. Bb4 Rh6 36. Bc3 b6 37. a4 Rc6 38. Bb4 a5 39. Bd2 Rc2 40. Be3 d2 41. Bxd2 Rxd2 42. Kh4 h6 43. g3 Kf6 44. Rh2 g5+ 45. fxg5+ hxg5+ 46. Kh3 Bg4# 0-1

[Event "*** Titled Tuesday 3|2 Blitz"]
[Site "Chess.com"]
[Date "2015.03.03"]
[Round "2"]
[White "AndreyOstrovskiy"]
[Black "jup1978"]
[Result "1-0"]
[WhiteElo "2354"]
[BlackElo "2137"]
[TimeControl "180+2"]
[EndTime "11:22:27 PST"]
[Termination "AndreyOstrovskiy won by resignation"]

1. e4 e6 2. d4 d5 3. Nc3 Nf6 4.
e5 Nfd7 5. f4 c5 6. Nf3 Nc6 7.
Be3 Be7 8. Qd2 O-O 9. Be2 b6 10. O-O f6 11. exf6 Bxf6 12. Rad1 Rb8 13. Nb5 Qe7 14.
c3 Ba6 15. a4 Bxb5 16. axb5 Na5 17. Ne5 Rbc8 18. Bd3 cxd4 19. cxd4 Bxe5 20. fxe5 Nc4 21. Qe2 Nxe3 22. Qxe3 Rxf1+ 23. Rxf1 Rf8 24. Rxf8+ Nxf8 25. Qc1 Qh4 26. Qe3 Qh5 27. Be2 Qf5 28. Bd3 Qg4 29.
h3 Qd1+ 30. Kh2 Qa4 31. Qd2 Qb3 32. Qc3 Qxc3 33. bxc3 Kf7 34. Kg3 Ng6 35. Kg4 Ne7 36. h4 Ng6 37. Kg5 Nf8 38. g3 h6+ 39. Kf4 Nd7 40. g4 Nf8 41. h5 Nd7 42. g5 Ke7 43. c4 dxc4 44. Bxc4 Nf8 45. d5 Nh7 46. gxh6 gxh6 47.
dxe6 Ng5 48. Kf5 Nf3 49. Bd5 Nd4+ 50. Kg6 Nxb5 51. Kxh6 Nc3 52. Bf3 Na4 53. Kg7 Nc5 54.
Bd5 Nd3 55. h6 Nf4 56. h7 Nh5+ 57. Kg6 1-0

[Event "*** Titled Tuesday 3|2 Blitz"]
[Site "Chess.com"]
[Date "2015.03.03"]
[Round "2"]
[White "GeorgMeier"]
[Black "Brandon_Clarke"]
[Result "1-0"]
[WhiteElo "2731"]
[BlackElo "2310"]
[TimeControl "180+2"]
[EndTime "11:22:32 PST"]
[Termination "GeorgMeier won by resignation"]

1. Nf3 Nf6 2. c4 g6 3. Nc3 Bg7 4.
g3 O-O 5. Bg2 d6 6. d4 Nc6 7.
O-O e5 8. d5 Ne7 9. e4 Nh5 10.
Ne1 f5 11. exf5 Bxf5 12. g4 Nf4 13. Bxf4 exf4 14. gxf5 Nxf5 15. Kh1 Qh4 16. Qf3 g5 17. Qh3 g4 18. Qxh4 Nxh4 19. Be4 f3 20. Rg1 h5 21.
Nd3 Rae8 22. Rae1 Ng2 23. Rxg2 fxg2+ 24. Kxg2 Bxc3 25. bxc3 Kg7 26. Re3 b6 27. h3 Kh6 28.
hxg4 hxg4 29. Kg3 Kg5 30. Bg2 Rxe3+ 31. fxe3 Re8 32. e4 Rf8 33. Ne1 a5 34. a4 Rg8 35.
Nc2 Rf8 36. Nd4 Kf6 37. Kxg4 Rg8+ 38. Kf3 Ke5 39. Nc6+ Kf6 40. Nd4 Re8 41. Kf4 Rg8 42. Kf3 Rh8 43. Nb5 Rh7 44. Kf4 Rg7 45. Bf3 Rh7 46. Bg4 Rg7 47. Bf5 Rf7 48. Nd4 Re7 49.
Nf3 Rg7 50. c5 bxc5 51. e5+ dxe5+ 52. Nxe5 Re7 53. Nd7+ Kf7 54. Nxc5 Re1 55. Ne6 Rc1 56. Nxc7 Rxc3 57. d6 Rc4+ 58. Ke5 Rc5+ 59. Nd5 Ke8 60. Bd3 Kd8 61. Bb5 Rc1 62. Nf4 Re1+ 63. Kd5 Rd1+ 64. Kc6 Re1 65. Kb6 Re4 66. Nd5 Rd4 67. Kc5 Rd1 68. Nb6 Rc1+ 69. Nc4 Kc8 70. Kb6 Kd8 71. Nxa5 Rd1 72. Nc4 Rc1 73. a5 Ra1 74. a6 Kc8 75. a7 Kd8 76. Na5 1-0

[Event "*** Titled Tuesday 3|2 Blitz"]
[Site "Chess.com"]
[Date "2015.03.03"]
[Round "2"]
[White "MITerryble"]
[Black "Irochka83"]
[Result "1-0"]
[WhiteElo "2499"]
[BlackElo "2273"]
[TimeControl "180+2"]
[EndTime "11:22:37 PST"]
[Termination "MITerryble won by resignation"]

1. d4 d5 2. Nf3 Nf6 3. c4 dxc4 4.
e3 e6 5. Bxc4 c5 6. O-O a6 7.
dxc5 Qxd1 8. Rxd1 Bxc5 9. Be2 b6 10. Nc3 Nbd7 11. a3 Bb7 12. b4 Be7 13. Bb2 O-O 14. g4 h6 15. h4 Rfd8 16. g5 hxg5 17. hxg5 Nd5 18. Rac1 b5 19. Nxd5 Bxd5 20. Rc7 Bd6 21. Rcc1 Nb6 22. Ne5 Rac8 23. g6 fxg6 24. Nxg6 Nc4 25.
Bxc4 Rxc4 26. Rxc4 bxc4 27. Be5 Kf7 28. Bxd6 Kxg6 29.
a4 Rxd6 30. e4 c3 31. exd5 exd5 32. Kf1 d4 33. Ke2 c2 34. Rg1+ Kf5 35. Kd3 Rc6 36. Rc1 g5 37. Rxc2 Rd6 38. Rc4 Ke5 39. b5 axb5 40.
axb5 g4 41. Rc5+ Kf4 42. Rc6 Rd8 43. b6 Kf3 44. Rf6+ Kg2 45. b7 Rb8 46. Rf7 Rd8 47. Rf4 Rb8 48. Rxg4+ Kxf2 49. Rg7 Rd8 50. Rf7+ Kg3 51.
Rd7 Rb8 52. Kxd4 Kf4 53. Kd5 Kf5 54. Kd6 Kf6 55. Kc7 1-0

[Event "*** Titled Tuesday 3|2 Blitz"]
[Site "Chess.com"]
[Date "2015.03.03"]
[Round "2"]
[White "pKiLz5Rn9b"]
[Black "Malev212"]
[Result "0-1"]
[WhiteElo "2242"]
[BlackElo "2069"]
[TimeControl "180+2"]
[EndTime "11:22:41 PST"]
[Termination "Malev212 won by resignation"]

1. e4 e5 2. Nf3 Nc6 3. Bc4 Nf6 4.
d3 h6 5. c3 d6 6. O-O g6 7. Re1 Bg7 8. d4 Qe7 9. d5 Nd8 10. h3 O-O 11. Nbd2 c6 12. Bb3 cxd5 13. exd5 Nd7 14. Nc4 Nc5 15. Bc2 f5 16. Be3 Nd7 17.
a4 Nf7 18. a5 e4 19. Nd4 Nde5 20. Nxe5 Nxe5 21. Bf4 g5 22. Bxe5 Bxe5 23. Qh5 Bxd4 24.
cxd4 Qf6 25. h4 g4 26. f3 Bd7 27. fxe4 Be8 28. e5 Qg7 29. Qxf5 Rxf5 30. Bxf5 g3 31. Rac1 Kh8 32. Re4 Bg6 33. Rg4 Bxf5 34. Rxg7 Kxg7 35. Rc7+ Kg6 36. Rc3 Be4 37. Rxg3+ Kf7 38. exd6 Bxd5 39. Rc3 Rd8 40. Rc7+ Kf6 41. d7 a6 42. g4 Ke7 43.
Kf2 Rxd7 44. Rxd7+ Kxd7 45. Kg3 Ke6 46. Kf4 Bb3 47.
g5 h5 48. Ke4 Bc2+ 49. Ke3 Kd5 50. Kd2 Bf5 51. Ke3 Bg6 52. b3 Bh7 53. b4 Bg6 54. b5 axb5 55. Kd2 Kxd4 56. Kc1 Kc3 57. a6 bxa6 0-1